 Dungeon Crawl Stone Soup version 0.27.1-33-g824d729ab1 (webtiles) character file.

Game seed: 18416434108867686092

150 LLlMATKO the Cudgeller (level 5, -15/47 HPs)
             Began as a Minotaur Berserker on Dec 30, 2021.
             Was a Priest of Trog.
             Demolished by an orc priest (17 damage)
             ... on level 3 of the Dungeon.
             The game lasted 00:01:56 (1666 turns).

LLlMATKO the Cudgeller (Minotaur Berserker)         Turns: 1666, Time: 00:01:57

Health: -15/47     AC:  8    Str: 21    XL:     5   Next: 10%
Magic:  4/4        EV:  9    Int:  4    God:    Trog [***...]
Gold:   76         SH:  8    Dex: 11    Spells: 4/4 levels left

rFire    . . .     SeeInvis .   a - +0 mace
rCold    . . .     Faith    .   d - +0 kite shield
rNeg     . . .     Spirit   .   c - +0 swamp dragon scales
rPois    +         Reflect  .   (helmet restricted)
rElec    .         Harm     .   (no cloak)
rCorr    .         Rampage  .   (no gloves)
Will     .....                  (no boots)
Stlth    +.........             (no amulet)
HPRegen  0.15/turn              (no ring)
MPRegen  0.09/turn              (no ring)

@: on berserk cooldown, slowed, very slow
A: horns 2, retaliatory headbutt
a: Renounce Religion, Berserk, Trog's Hand


You were on level 3 of the Dungeon.
You worshipped Trog.
Trog was most pleased with you.
You visited 1 branch of the dungeon, and saw 3 of its levels.

You collected 76 gold pieces.

Inventory:

Hand Weapons
 a - a +0 mace (weapon)
Missiles
 b - 9 poisoned darts (quivered)
Armour
 c - +0 swamp dragon scales (worn)
 d - a +0 kite shield (worn)
Scrolls
 f - 2 scrolls of enchant weapon {unknown}
 g - a scroll of identify {unknown}
 h - a scroll of torment {unknown}
 i - 2 scrolls of vulnerability {unknown}
 n - a scroll of teleportation {unknown}
 o - a scroll of acquirement {unknown}
Potions
 e - 2 potions of curing {unknown}
 j - a potion of might {unknown}
 k - 3 potions of degeneration {unknown}
 l - a potion of heal wounds {unknown}
 m - a potion of flight {unknown}


   Skills:
 + Level 4.5 Fighting
 + Level 4.5 Maces & Flails
 + Level 3.5 Armour
 + Level 3.2 Dodging
 + Level 2.1 Shields


You had 4 spell levels left.
You didn't know any spells.
Your spell library was empty.

Dungeon Overview and Level Annotations

Branches:
Dungeon (3/15)

Altars:


Innate Abilities, Weirdness & Mutations

You have a pair of horns on your head.
You reflexively headbutt those who attack you in melee.


Message History

Trog accepts your kill. You block the adder's attack.
You block the orc's attack.
You sock the adder!
You kill the adder!
Trog accepts your kill. You block the orc's attack.
The orc wizard shouts!
You hear a shout!
You thump the orc!
You kill the orc!
Trog accepts your kill.
The orc wizard points at you and mumbles some strange words.
You resist with some effort.
Your Shields skill increases to level 2!
The orc wizard hits you but does no damage.
You closely miss the orc wizard. Your headbutt misses the orc wizard.
The orc wizard hits you but does no damage.
You sock the orc wizard!
You kill the orc wizard!
Trog accepts your kill.
Trog appreciates your killing of a magic user.
You have reached level 5!
You hit the orc priest.
The orc priest is lightly wounded.
The orc priest hits you with a +2 dagger of electrocution.
You sock the orc priest!
The orc priest is heavily wounded.
You are no longer berserk.
You are exhausted.
You feel yourself slow down.
The orc priest hits you with a +2 dagger of electrocution.
You are electrocuted!!
You hit the orc priest but do no damage.
The orc priest is heavily wounded.
The orc priest hits you but does no damage.
You are electrocuted!
* * * LOW HITPOINT WARNING * * *
The orc priest hits you with a +2 dagger of electrocution.
* * * LOW HITPOINT WARNING * * *
You are electrocuted!
You die...

#.. # .(.. #.####+####....>
#...............
##.............#
...........#.#
.............#######
........o...# #....#
###.####@...# #....# #
..##...##).).#(###....# ..
..........##.#........###.##
......#####..###...).†......
..... ###...##........###.#
.o.. #......#.#....†.....#
..o ..<.#.#....#.####.....#
## ###..........##.......#
#.....#..####..#......


You could see an orc priest.

Vanquished Creatures
  An orc wizard (D:3)
  5 adders
  3 dart slugs
  2 orcs (D:3)
  2 ball pythons (D:3)
  7 endoplasms
  2 giant cockroaches
  6 goblins
  7 hobgoblins
  9 jackals
  8 kobolds
  9 bats
  5 frilled lizards
  3 rats
69 creatures vanquished.

Notes
Turn   | Place    | Note
-------+----------+-------------------------------------------
     0 | D:1      | LLlMATKO the Minotaur Berserker began the quest for the
                  | Orb.
     0 | D:1      | Reached XP level 1. HP: 19/19 MP: 0/0
   172 | D:1      | Found a faded altar of an unknown god.
   197 | D:1      | Reached XP level 2. HP: 27/27 MP: 1/1
   533 | D:1      | Reached ** piety under Trog
   543 | D:1      | Reached XP level 3. HP: 29/33 MP: 2/2
   612 | D:1      | Reached skill level 1 in Shields
  1493 | D:3      | Reached XP level 4. HP: 40/40 MP: 3/3
  1627 | D:3      | Reached *** piety under Trog
  1663 | D:3      | Reached XP level 5. HP: 47/47 MP: 4/4
  1666 | D:3      | HP: 2/47 [orc priest (3)]
  1666 | D:3      | Demolished by an orc priest

Illustrated notes

Levels and vault maps discovered:
D:1:      dpeg_arrival_three_same_balls, layout_basic,
          ebering_ecumenical_altar_rust, minmay_quantized
D:2:      layout_loops_ring, kennysheep_big_empty_room
D:3:      lemuel_castle_with_subvaults [lemuel_castle_interior_carwin_3],
          layout_rooms, mainiacjoe_overflow_six_doors_small

Skill      XL: |  1  2  3  4 |
---------------+-------------+-----
Fighting       | 4 |  4.5
Maces & Flails | 4 |  4.5
Shields        | 1 2 |  2.1
Armour         | 3 |  3.5
Dodging        | 3 |  3.2

Action                   |  1- 3 |  4- 6 || total
-------------------------+-------+-------++-------
Melee: Mace              |    90 |    35 ||   125
       Headbutt          |    15 |     4 ||    19
Throw: Dart              |       |     1 ||     1
Invok: Berserk           |       |     1 ||     1
Armor: Swamp dragon scal |    50 |    20 ||    70
Dodge: Dodged            |    40 |    21 ||    61
Block: Kite shield       |    35 |    24 ||    59
